 Dungeon Sprint DCSS version 0.21-a0-522-ga8338f0 (webtiles) character file.

5914 Kingsmith the Blocker (level 10, 0/88 HPs)
             Began as a Gnoll Fighter on Dec 6, 2017.
             Was a High Priest of Okawaru.
             Slain by Sonja
             ... wielding a +1 dagger of draining
              (1 damage)
             ... in the Dungeon (Sprint IX: "|||||||||||||||||||||||||||||").
             The game lasted 00:07:50 (1706 turns).

Kingsmith the Blocker (Gnoll Fighter)               Turns: 1706, Time: 00:07:52

Health: 0/88       AC: 13    Str: 21    XL:     10   Next: 83%
Magic:  21/23      EV:  5    Int: 14    God:    Okawaru [*****.]
Gold:   12         SH:  0    Dex: 18    Spells: 27/27 levels left

rFire    . . .     SeeInvis .   p - +4 halberd (venom)
rCold    . . .     Gourm    .   (shield currently unavailable)
rNeg     . . .     Faith    .   s - +0 plate armour
rPois    .         Spirit   .   y - +0 helmet
rElec    .         Reflect  .   (no cloak)
rCorr    .         Harm     .   B - +0 pair of gloves
MR       .....     NoTele   +   C - +0 pair of boots
Stlth    ..........             (no amulet)
HPRegen  0.24/turn              t - +3 ring of dexterity
MPRegen  0.18/turn              u - +3 ring of intelligence

@: heroism, very slightly contaminated, slowed, extremely drained, very slow
A: distributed training, fangs 1, strong nose
a: Heroism, Finesse, Renounce Religion


You were in the Dungeon.
You worshipped Okawaru.
Okawaru was extremely pleased with you.
You were very hungry.

You visited 1 branch You collected 12 gold pieces.

Inventory:

Hand Weapons
 p - a +4 halberd of venom (weapon)
Missiles
 v - 29 arrows
 w - 3 silver javelins (quivered)
Armour
 s - a +0 plate armour (worn)
 y - a +0 helmet (worn)
 B - a +0 pair of gloves (worn)
 C - a +0 pair of boots (worn)
Jewellery
 t - a +3 ring of dexterity (left hand)
 u - a +3 ring of intelligence (right hand)
Wands
 o - a wand of acid (10)
Scrolls
 b - 2 scrolls of enchant armour
 c - 2 scrolls of fog
 k - 2 scrolls of blinking
 m - 3 scrolls of remove curse
 n - 2 scrolls of amnesia
 x - a scroll of immolation
Potions
 a - 2 potions of brilliance
 d - 2 potions of might
 e - 7 potions of curing
 g - a potion of heal wounds
 h - a potion of haste
 i - 4 potions of magic
 j - a potion of resistance
 l - a potion of invisibility
Comestibles
 f - 13 bread rations
 z - 40 fruits
 A - 12 meat rations


   Skills:
 + Level 11.2(0.0) Fighting
 + Level 9.2(0.0) Short Blades
 + Level 9.2(0.0) Long Blades
 + Level 9.2(0.0) Axes
 + Level 9.2(0.0) Maces & Flails
 + Level 10.3(0.0) Polearms
 + Level 9.2(0.0) Staves
 + Level 9.2(0.0) Slings
 + Level 9.2(0.0) Bows
 + Level 9.2(0.0) Crossbows
 + Level 9.2(0.0) Throwing
 + Level 11.2(0.0) Armour
 + Level 9.2(0.0) Dodging
 + Level 9.2(0.0) Stealth
 + Level 11.2(0.0) Shields
 + Level 9.2(0.0) Unarmed Combat
 + Level 9.2(0.0) Spellcasting
 + Level 7.7(0.0) Conjurations
 + Level 7.7(0.0) Hexes
 + Level 7.7(0.0) Charms
 + Level 7.7(0.0) Summonings
 + Level 7.7(0.0) Necromancy
 + Level 7.7(0.0) Translocations
 + Level 7.7(0.0) Transmutations
 + Level 7.7(0.0) Fire Magic
 + Level 7.7(0.0) Ice Magic
 + Level 7.7(0.0) Air Magic
 + Level 7.7(0.0) Earth Magic
 + Level 7.7(0.0) Poison Magic
 + Level 10.1(0.0) Invocations
 + Level 9.2(0.0) Evocations


You had 27 spell levels left.
You didn't know any spells.

Dungeon Overview and Level Annotations

Branches:
Dungeon (1/1)

Altars:
Cheibriados
Dithmenos
Elyvilon
Fedhas
Gozag
Hepliaklqana
Kikubaaqudgha
Makhleb
Nemelex Xobeh
Okawaru
Qazlal
Ru
Sif Muna
Trog
Uskayaw
Vehumet
Wu Jian
Xom
Yredelemnul
Zin
The Shining One
Beogh
Jiyva
Lugonu

Annotations:
D Sonja


Innate Abilities, Weirdness & Mutations

Your experience applies equally to all skills.
You have very sharp teeth.
Your uncanny sense of smell can sniff out nearby items.


Message History

Sonja hits you but does no damage.
You feel drained. Sonja hits you but does no damage.
You feel drained. Sonja hits you but does no damage.
You feel drained.
You miss Sonja. Your bite misses Sonja. Sonja hits you but does no damage.
You feel drained. Sonja hits you but does no damage.
You feel drained. Sonja hits you but does no damage.
You feel drained.
Sonja gestures wildly while chanting.
Sonja blinks!
You are feeling very hungry.
Sonja hits you but does no damage.
You feel drained. Sonja barely misses you. Sonja hits you but does no damage.
You feel drained.
You don't know any spells.
You gain the combat prowess of a mighty hero.
Sonja hits you but does no damage.
You feel drained. Sonja hits you but does no damage.
You feel drained. Sonja hits you but does no damage.
You feel drained.
Sonja hits you with an uncursed dagger of draining.
* * * LOW HITPOINT WARNING * * *
You feel drained.
You die...

▓▓▓▓▓▓▓▓▓
▓...▓.K.▓
▓.▓.▓@▓.▓
▓'▓.▓.▓.▓
▓.▓.▓.▓.▓
▓.▓.▓'▓.▓
▓.▓.▓.▓.▓
▓.▓.▓.▓.▓
▓.▓.▓.▓.▓
▓)▓.▓[▓.▓
▓)▓.▓.▓.▓


You could see Sonja.

Vanquished Creatures
  A hydra (D)
  A centaur warrior (D)
  3 lindwurms (D)
  An elephant (D)
  2 spiny frogs (D)
  A hippogriff (D)
  A wraith (D)
  4 yaks (D)
  A basilisk (D)
  A porcupine (D)
  2 water moccasins (D)
  An orc warrior (D)
  An eye of draining (D)
  A centaur (D)
  4 crocodiles (D)
  5 bullfrogs (D)
  A scorpion (D)
  A hound (D)
  A worker ant (D)
  5 worms (D)
  A dart slug (D)
  A leopard gecko (D)
  2 orcs (D)
  A hobgoblin (D)
  A jackal (D)
  A kobold (D)
  A quokka (D)
  A frilled lizard (D)
  A leopard gecko skeleton (D)
48 creatures vanquished.

Notes
Turn   | Place    | Note
-------+----------+-------------------------------------------
     0 | D        | Kingsmith the Gnoll Fighter began the quest for the Orb.
     0 | D        | Reached XP level 1. HP: 23/23 MP: 1/1
    11 | D        | Reached skill level 1 in Invocations
    13 | D        | Reached skill level 1 in Short Blades
    13 | D        | Reached skill level 1 in Long Blades
    13 | D        | Reached skill level 1 in Axes
    13 | D        | Reached skill level 1 in Maces & Flails
    13 | D        | Reached skill level 1 in Staves
    13 | D        | Reached skill level 1 in Slings
    13 | D        | Reached skill level 1 in Bows
    13 | D        | Reached skill level 1 in Crossbows
    13 | D        | Reached skill level 1 in Throwing
    13 | D        | Reached skill level 1 in Dodging
    13 | D        | Reached skill level 1 in Stealth
    13 | D        | Reached skill level 1 in Unarmed Combat
    13 | D        | Reached skill level 1 in Spellcasting
    13 | D        | Reached skill level 1 in Evocations
    14 | D        | Reached XP level 2. HP: 29/29 MP: 1/3
    43 | D        | Reached skill level 1 in Conjurations
    43 | D        | Reached skill level 1 in Hexes
    43 | D        | Reached skill level 1 in Charms
    43 | D        | Reached skill level 1 in Summonings
    43 | D        | Reached skill level 1 in Necromancy
    43 | D        | Reached skill level 1 in Translocations
    43 | D        | Reached skill level 1 in Transmutations
    43 | D        | Reached skill level 1 in Fire Magic
    43 | D        | Reached skill level 1 in Ice Magic
    43 | D        | Reached skill level 1 in Air Magic
    43 | D        | Reached skill level 1 in Earth Magic
    43 | D        | Reached skill level 1 in Poison Magic
    53 | D        | Reached skill level 5 in Polearms
    53 | D        | Reached XP level 3. HP: 29/35 MP: 3/6
    60 | D        | Found a roughly hewn altar of Beogh.
    60 | D        | Found a snail-covered altar of Cheibriados.
    60 | D        | Found a shadowy altar of Dithmenos.
    60 | D        | Found a white marble altar of Elyvilon.
    60 | D        | Found a blossoming altar of Fedhas.
    60 | D        | Found an opulent altar of Gozag.
    61 | D        | Found a hazy altar of Hepliaklqana.
    62 | D        | Found a viscous altar of Jiyva.
    63 | D        | Found an ancient bone altar of Kikubaaqudgha.
    64 | D        | Found a corrupted altar of Lugonu.
    65 | D        | Found a burning altar of Makhleb.
    66 | D        | Found a sparkling altar of Nemelex Xobeh.
    67 | D        | Found an iron altar of Okawaru.
    68 | D        | Found a stormy altar of Qazlal.
    69 | D        | Found a sacrificial altar of Ru.
    70 | D        | Found a deep blue altar of Sif Muna.
    71 | D        | Found a bloodstained altar of Trog.
    72 | D        | Found a hide-covered altar of Uskayaw.
    73 | D        | Found a radiant altar of Vehumet.
    74 | D        | Found an ornate altar of the Wu Jian Council.
    75 | D        | Became a worshipper of Warmaster Okawaru
    76 | D        | Found a shimmering altar of Xom.
    77 | D        | Found a basalt altar of Yredelemnul.
    78 | D        | Found a glowing silver altar of Zin.
    79 | D        | Found a glowing golden altar of the Shining One.
   154 | D        | Noticed a water moccasin
   154 | D        | Noticed a crocodile
   154 | D        | Noticed a hippogriff
   154 | D        | Noticed a crocodile
   154 | D        | Noticed a bullfrog
   157 | D        | Killed a bullfrog
   157 | D        | Reached XP level 4. HP: 38/43 MP: 6/8
   165 | D        | Killed a crocodile
   165 | D        | Reached XP level 5. HP: 15/48 MP: 7/10
   171 | D        | Killed a hippogriff
   171 | D        | Reached * piety under Okawaru
   171 | D        | Reached skill level 5 in Invocations
   171 | D        | Reached XP level 6. HP: 47/56 MP: 7/12
   181 | D        | Killed a water moccasin
   181 | D        | Reached ** piety under Okawaru
   181 | D        | Reached skill level 5 in Short Blades
   181 | D        | Reached skill level 5 in Long Blades
   181 | D        | Reached skill level 5 in Axes
   181 | D        | Reached skill level 5 in Maces & Flails
   181 | D        | Reached skill level 5 in Staves
   181 | D        | Reached skill level 5 in Slings
   181 | D        | Reached skill level 5 in Bows
   181 | D        | Reached skill level 5 in Crossbows
   181 | D        | Reached skill level 5 in Throwing
   181 | D        | Reached skill level 5 in Dodging
   181 | D        | Reached skill level 5 in Stealth
   181 | D        | Reached skill level 5 in Unarmed Combat
   181 | D        | Reached skill level 5 in Spellcasting
   181 | D        | Reached skill level 5 in Evocations
   181 | D        | Reached XP level 7. HP: 35/63 MP: 7/14
   324 | D        | Noticed a wraith
   324 | D        | Noticed a centaur warrior
   339 | D        | Killed a centaur warrior
   339 | D        | Reached *** piety under Okawaru
   339 | D        | Reached skill level 5 in Conjurations
   339 | D        | Reached skill level 5 in Hexes
   339 | D        | Reached skill level 5 in Charms
   339 | D        | Reached skill level 5 in Summonings
   339 | D        | Reached skill level 5 in Necromancy
   339 | D        | Reached skill level 5 in Translocations
   339 | D        | Reached skill level 5 in Transmutations
   339 | D        | Reached skill level 5 in Fire Magic
   339 | D        | Reached skill level 5 in Ice Magic
   339 | D        | Reached skill level 5 in Air Magic
   339 | D        | Reached skill level 5 in Earth Magic
   339 | D        | Reached skill level 5 in Poison Magic
   339 | D        | Reached XP level 8. HP: 42/71 MP: 11/17
   358 | D        | Killed a wraith
   364 | D        | HP: 1/71 [orc warrior/battleaxe (14)]
   710 | D        | Noticed a spiny frog
   710 | D        | Noticed a spiny frog
   710 | D        | Noticed a yak
   710 | D        | Noticed a yak
   713 | D        | Noticed a yak
   716 | D        | Reached XP level 9. HP: 61/77 MP: 19/19
   726 | D        | Reached **** piety under Okawaru
   731 | D        | Killed a spiny frog
   731 | D        | Reached skill level 10 in Fighting
   731 | D        | Reached skill level 10 in Armour
   731 | D        | Reached skill level 10 in Shields
   737 | D        | Killed a spiny frog
   999 | D        | Noticed an elephant
   999 | D        | Noticed a five-headed hydra
  1011 | D        | Killed an 11-headed hydra
  1011 | D        | Reached ***** piety under Okawaru
  1011 | D        | Reached XP level 10. HP: 18/86 MP: 19/22
  1024 | D        | Killed an elephant
  1240 | D        | Noticed a lindwurm
  1240 | D        | Noticed a lindwurm
  1240 | D        | Noticed a lindwurm
  1247 | D        | Killed a lindwurm
  1247 | D        | Received a gift from Okawaru
  1247 | D        | Reached skill level 10 in Polearms
  1255 | D        | Killed a lindwurm
  1255 | D        | Received a gift from Okawaru
  1272 | D        | Killed a lindwurm
  1272 | D        | Reached skill level 10 in Invocations
  1664 | D        | Noticed Sonja
  1699 | D        | HP: 4/88 [Sonja/uncursed dagger of draining (1)]
  1706 | D        | HP: 1/88 [Sonja/uncursed dagger of draining (5)]
  1706 | D        | Slain by Sonja

Vault maps used:
D:        linesprint

Skill      XL: |  1  2  3  4  5  6  7  8  9 10 |
---------------+-------------------------------+-----
Invocations    | 1 2 3 4 5 7 9 10 | 10.1
Short Blades   | 1 2 3 4 5 6 7 8 9 |  9.2
Long Blades    | 1 2 3 4 5 6 7 8 9 |  9.2
Axes           | 1 2 3 4 5 6 7 8 9 |  9.2
Maces & Flails | 1 2 3 4 5 6 7 8 9 |  9.2
Staves         | 1 2 3 4 5 6 7 8 9 |  9.2
Slings         | 1 2 3 4 5 6 7 8 9 |  9.2
Bows           | 1 2 3 4 5 6 7 8 9 |  9.2
Crossbows      | 1 2 3 4 5 6 7 8 9 |  9.2
Throwing       | 1 2 3 4 5 6 7 8 9 |  9.2
Dodging        | 1 2 3 4 5 6 7 8 9 |  9.2
Stealth        | 1 2 3 4 5 6 7 8 9 |  9.2
Unarmed Combat | 1 2 3 4 5 6 7 8 9 |  9.2
Spellcasting   | 1 2 3 4 5 6 7 8 9 |  9.2
Evocations     | 1 2 3 4 5 6 7 8 9 |  9.2
Conjurations   | 1 2 3 4 5 6 7 |  7.7
Hexes          | 1 2 3 4 5 6 7 |  7.7
Charms         | 1 2 3 4 5 6 7 |  7.7
Summonings     | 1 2 3 4 5 6 7 |  7.7
Necromancy     | 1 2 3 4 5 6 7 |  7.7
Translocations | 1 2 3 4 5 6 7 |  7.7
Transmutations | 1 2 3 4 5 6 7 |  7.7
Fire Magic     | 1 2 3 4 5 6 7 |  7.7
Ice Magic      | 1 2 3 4 5 6 7 |  7.7
Air Magic      | 1 2 3 4 5 6 7 |  7.7
Earth Magic    | 1 2 3 4 5 6 7 |  7.7
Poison Magic   | 1 2 3 4 5 6 7 |  7.7
Polearms       | 5 6 7 8 9 10 | 10.3
Fighting       | 7 8 9 10 11 | 11.2
Armour         | 7 8 9 10 11 | 11.2
Shields        | 7 8 9 10 11 | 11.2

Action                   |  1- 3 |  4- 6 |  7- 9 | 10-12 || total
-------------------------+-------+-------+-------+-------++-------
Melee: Trident           |    30 |       |       |       ||    30
       Bite              |     4 |     3 |    18 |    12 ||    37
       Halberd           |     3 |    22 |    95 |    83 ||   203
Throw: Javelin           |       |       |       |     4 ||     4
Invok: Heroism           |       |     1 |     1 |     1 ||     3
  Use: Potion            |       |     1 |     4 |     2 ||     7
       Scroll            |       |       |     2 |     1 ||     3
  Eat: Chunk             |       |       |     1 |     1 ||     2
Armor: Scale mail        |     6 |       |       |       ||     6
       Plate armour      |     1 |    16 |    52 |   122 ||   191
Dodge: Dodged            |    10 |    10 |    53 |    61 ||   134
Block: Shield            |    12 |       |       |       ||    12

Table legend:
 A = Spawn XP
 B = Non-spawn XP
 C = Spawn XP percentage of total XP
 D = Spawn monster count
 E = Non-spawn monster count
 F = Spawn count percentage of total count
 G = Total turns spent on level
                    A         B        C        D         E        F      G
               +---------+---------+-------+---------+---------+-------+---------
         Total |       0 |    8449 |   0.0 |       0 |      48 |   0.0 |  1706
               +---------+---------+-------+---------+---------+-------+---------
             D |       0 |    8449 |   0.0 |       0 |      48 |   0.0 |  1706
               +---------+---------+-------+---------+---------+-------+---------
